 Dungeon Crawl Stone Soup version 0.29.1-1-gd02db6906a (webtiles) character file.

Game seed: 12746940636184319704

5076 hawla the Zephyrmancer (level 11, -9/90 HPs)
             Began as a Meteoran Air Elementalist on Oct 17, 2022.
             Was a Follower of Vehumet.
             Mangled by TheSexyCheese's ghost (20 damage)
             ... on level 9 of the Dungeon.
             The game lasted 00:23:22 (5407 turns).

hawla the Zephyrmancer (Meteoran Air Elementalist)  Turns: 5407, Time: 00:23:23

Health: -9/90      AC:  8    Str:  9    XL:     11   Next: 11%
Magic:  32/35      EV: 14    Int: 22    God:    Vehumet [*.....]
Gold:   379        SH:  0    Dex: 15    Spells: 19/30 levels left

rFire   . . .      SeeInvis .   l - +3 dire flail (holy)
rCold   + . .      Faith    .   (shield currently unavailable)
rNeg    . . .      Spirit   .   x - +2 robe {rC+}
rPois   .          Reflect  .   (helmet restricted)
rElec   .          Harm     .   (no cloak)
rCorr   .          Rampage  .   (no gloves)
Will    ++...                   (no boots)
Stlth   +.........              (no amulet)
HPRegen 0.25/turn               e - ring of willpower
MPRegen 0.24/turn               s - ring of magical power

@: brilliant, glowing
A: sense surroundings 2, otherworldly, glowing, explore regen, horns 1,
iridescent scales 2, robust 1
a: Renounce Religion


You were on level 9 of the Dungeon.
You worshipped Vehumet.
Vehumet was aware of your devotion.
You visited 2 branches of the dungeon, and saw 10 of its levels.

You collected 379 gold pieces.

Inventory:

Hand Weapons
 l - a +3 dire flail of holy wrath (weapon)
Armour
 m - a +2 robe of positive energy
 r - a +0 pair of gloves
 x - a +2 robe of cold resistance (worn)
Jewellery
 e - a ring of willpower (left hand)
 p - a +4 ring of evasion
 s - a ring of magical power (right hand)
Wands
 b - a wand of iceblast (11) (quivered)
 c - a wand of paralysis (18)
 t - a wand of digging (5)
Scrolls
 a - 3 scrolls of enchant weapon
 i - 2 scrolls of fog
 j - 3 scrolls of identify
 k - a scroll of amnesia
 o - a scroll of blinking
 w - a scroll of fear
Potions
 d - 2 potions of brilliance
 f - 5 potions of curing
 h - 2 potions of resistance
 n - a potion of flight
 q - 2 potions of haste


   Skills:
 + Level 3.0 Fighting
 + Level 6.5 Maces & Flails
 + Level 5.4 Dodging
 - Level 1.4 Stealth
 + Level 10.3 Spellcasting
 + Level 7.2 Conjurations
 + Level 2.3 Summonings
 + Level 10.5 Air Magic
 + Level 2.0 Evocations


You had 19 spell levels left.
You knew the following spells:

 Your Spells              Type           Power      Damage    Failure   Level
a - Shock                 Conj/Air       100%       1d9       1%          1
b - Static Discharge      Conj/Air       66%        3-12/arc  1%          2
c - Airstrike             Air            36%        2d(6-22)  1%          4
d - Summon Lightning Spi  Summ/Air       56%        N/A       4%          4

Your spell library contained the following spells:

 Spells                   Type           Power      Damage    Failure   Level
 Foxfire                  Conj/Fire      100%       2x1d9     1%          1
 Swiftness                Air            72%        N/A       1%          3
 Summon Small Mammal      Summ           100%       N/A       2%          1
 Call Canine Familiar     Summ           32%        N/A       7%          3
 Petrify                  Tmut/Erth      17%        N/A       50%         4
 Summon Forest            Summ/Tloc      12%        N/A       69%         5


Dungeon Overview and Level Annotations

Branches:
Dungeon (9/15) Zot: 195    Temple (1/1) D:7 Zot: 379
   Lair: D:8-11         Orc: D:9-12

Altars:
Ashenzari
Cheibriados
Elyvilon
Fedhas
Gozag
Hepliaklqana
Kikubaaqudgha
Makhleb
Nemelex Xobeh
Okawaru
Qazlal
Ru
Sif Muna
Trog
Uskayaw
Vehumet
Wu Jian
Xom
Yredelemnul
Zin
The Shining One

Annotations:
D:5 3 runed translucent doors, fireball365's ghost, novice MiFi
D:9 1 transporter, TheSexyCheese's ghost, novice MiFi


Innate Abilities, Weirdness & Mutations

You passively map the area around you.
You are easily found by Zot.
You glow in the dark.
You regain HP and MP as you explore.
You have a pair of small horns on your head.
You are mostly covered in iridescent scales. (AC +4)
You are robust. (+10% HP)


Message History

The bolt of fire hits you!!
* * * LOW HITPOINT WARNING * * *
The centaur shoots an arrow.
The arrow barely misses you.
Aiming: Paralyse
Press: ? - help, Shift-Dir - straight line, f - deep elf pyromancer, p - gargoyle
Aim: a deep elf pyromancer, wielding a staff of earth (moderately wounded, chance to affect: 37%)
The deep elf pyromancer suddenly stops moving!
The centaur shoots an arrow.
The arrow hits you.
* * * LOW HITPOINT WARNING * * *
Aiming: Paralyse
Press: ? - help, Shift-Dir - straight line, f - centaur, p - deep elf pyromancer
Aim: a centaur, wielding a +0 shortbow (severely wounded, chance to affect: 54%)
The centaur resists with significant effort.
Aiming: Iceblast
Press: ? - help, Shift-Dir - straight line, f/p - centaur
Aim: a centaur, wielding a +0 shortbow (severely wounded)
The mass of ice explodes!
The iceblast engulfs TheSexyCheese's ghost!!
TheSexyCheese's ghost is almost destroyed.
The iceblast engulfs the centaur!
You kill the centaur!
Vehumet accepts your kill.
You feel your power returning.
The iceblast engulfs the deep elf pyromancer!
The deep elf pyromancer is heavily wounded.
The iceblast engulfs the gargoyle.
The gargoyle is lightly damaged.
Unknown command.
Aiming: Iceblast
Press: ? - help, Shift-Dir - straight line The mass of ice explodes!
The iceblast engulfs TheSexyCheese's ghost!
TheSexyCheese's ghost is almost destroyed.
The iceblast engulfs the deep elf pyromancer!
The deep elf pyromancer is almost dead.
The iceblast engulfs the gargoyle!
The gargoyle is moderately damaged.
You feel clever all of a sudden. TheSexyCheese's ghost hits you!!
You die...

* .......KK......# ,*
....#########...# #
#..##©......##..#, ,# ,
##..#8.......8#..# # # *
#...#.........#..#.#.#
#...#$..e.†...#..#.#.. ,
**
###..©#[...©).).#©...#..
,,
......#...9.....#..#.#.#
* *
*#..#@W.......#..#.#,.
#..#8.......8#..#.# #
#..##.......##..#.# *
#...#########...#.### ,
#................>... ,
*##...............)... ,
.................... * *
############........8 ,,
, , ............


You could see a deep elf pyromancer (paralysed), a gargoyle (paralysed) and
TheSexyCheese's ghost.

Vanquished Creatures
  Grinder (D:5)
  A hornet (D:7)
  3 wyverns
  2 yaks (D:8)
  Menkaure (D:7)
  A steam dragon (D:8)
  Edmund (D:5)
  2 acid dragons
  3 sky beasts
  A black bear (D:7)
  An orc warrior (D:9)
  2 centaurs
  A kobold brigand (D:7)
  5 bullfrogs
  A necrophage (D:4)
  2 jellies
  2 scorpions
  11 wights
  4 howler monkeys (D:8)
  5 orc priests
  5 hounds (D:6)
  An iguana (D:5)
  8 orc wizards
  3 adders
  4 gnolls (D:3)
  2 white imps (D:7)
  4 worms
  27 orcs
  6 endoplasms
  2 giant cockroaches
  4 goblins
  5 hobgoblins
  8 ball pythons
  A bat (D:2)
  3 frilled lizards
  7 kobolds
  3 rats (D:1)
143 creatures vanquished.

Vanquished Creatures (collateral kills)
  A yak (D:8)
  A water moccasin (D:9)
  A centaur (D:9)
  A kobold brigand (D:9)
  A bullfrog (D:8)
  3 wights
  A jelly (D:7)
  3 orcs (D:8)
  5 kobolds
17 creatures vanquished.

Grand Total: 160 creatures vanquished

Notes
Turn   | Place    | Note
-------+----------+-------------------------------------------
     0 | D:1      | hawla the Meteoran Air Elementalist began the quest for the
                  | Orb.
     0 | D:1      | Reached XP level 1. HP: 14/14 MP: 5/5
   199 | D:1      | Reached XP level 2. HP: 20/20 MP: 5/7
   202 | D:1      | Learned a level 2 spell: Static Discharge
   236 | D:1      | Found a faded altar of an unknown god.
   500 | D:1      | Glimpsed the power of Zot.
   638 | D:2      | Reached XP level 3. HP: 24/26 MP: 3/8
   928 | D:2      | Gained mutation: You have a pair of small horns on your
                  | head. [potion of mutation]
   928 | D:2      | Gained mutation: You are partially covered in iridescent
                  | scales. (AC +2) [potion of mutation]
   928 | D:2      | Gained mutation: You are mostly covered in iridescent
                  | scales. (AC +4) [potion of mutation]
   928 | D:2      | Gained mutation: You are robust. (+10% HP) [potion of
                  | mutation]
   934 | D:2      | Reached XP level 4. HP: 8/36 MP: 8/10
   939 | D:2      | Learned a level 4 spell: Airstrike
  1100 | D:2      | Glimpsed the power of Zot.
  1219 | D:3      | Found a burning altar of Makhleb.
  1257 | D:3      | Reached skill level 5 in Air Magic
  1302 | D:3      | Reached XP level 5. HP: 26/41 MP: 1/11
  1596 | D:3      | Reached XP level 6. HP: 49/49 MP: 10/12
  1701 | D:3      | Glimpsed the power of Zot.
  2301 | D:4      | Glimpsed the power of Zot.
  2319 | D:5      | Entered Level 5 of the Dungeon
  2341 | D:5      | Reached XP level 7. HP: 42/55 MP: 8/14
  2362 | D:5      | Reached skill level 5 in Spellcasting
  2514 | D:5      | Noticed an acid dragon
  2519 | D:5      | Killed an acid dragon
  2567 | D:5      | Reached XP level 8. HP: 50/62 MP: 4/17
  2649 | D:5      | Noticed Edmund
  2657 | D:5      | Killed Edmund
  2680 | D:5      | Found a basalt altar of Yredelemnul.
  2690 | D:5      | Found a glowing golden altar of the Shining One.
  2699 | D:5      | Found a runed translucent gate.
  2699 | D:5      | Found a runed translucent gate.
  2700 | D:5      | Found a runed translucent gate.
  2701 | D:5      | Noticed fireball365's ghost (novice MiFi)
  2795 | D:5      | Noticed Grinder
  2814 | D:5      | Killed Grinder
  2815 | D:5      | Reached skill level 5 in Conjurations
  2896 | D:5      | Glimpsed the power of Zot.
  2996 | D:6      | Reached skill level 1 in Maces & Flails
  2996 | D:6      | Gained mutation: You passively map the area around you.
                  | [Meteoran growth]
  2996 | D:6      | Reached XP level 9. HP: 52/69 MP: 13/20
  3033 | D:6      | Found a sacrificial altar of Ru.
  3038 | D:6      | Reached skill level 1 in Evocations
  3077 | D:6      | Reached skill level 1 in Fighting
  3486 | D:6      | Glimpsed the power of Zot.
  3536 | D:6      | Glimpsed the power of Zot.
  3559 | D:7      | Found a sparkling altar of Nemelex Xobeh.
  3612 | D:7      | Noticed Menkaure
  3620 | D:7      | Killed Menkaure
  3632 | D:7      | Got the Atlas of the Inconstant Commander
  3638 | D:7      | Learned a level 4 spell: Summon Lightning Spire
  3726 | D:7      | Noticed a hornet
  3731 | D:7      | Killed a hornet
  3732 | D:7      | Reached XP level 10. HP: 69/80 MP: 15/23
  3957 | D:7      | Found a staircase to the Ecumenical Temple.
  4081 | D:7      | Glimpsed the power of Zot.
  4127 | Temple   | Entered the Ecumenical Temple
  4316 | Temple   | Became a worshipper of Vehumet
  4352 | D:7      | Glimpsed the power of Zot.
  4485 | D:8      | Reached skill level 5 in Maces & Flails
  4489 | D:8      | Reached skill level 5 in Dodging
  4489 | D:8      | Reached skill level 1 in Summonings
  4545 | D:8      | Reached skill level 10 in Air Magic
  4582 | D:8      | Reached * piety under Vehumet
  4582 | D:8      | Offered knowledge of Foxfire by Vehumet.
  4979 | D:9      | Reached skill level 10 in Spellcasting
  5131 | D:9      | Reached XP level 11. HP: 82/89 MP: 26/26
  5185 | D:9      | Found a stormy altar of Qazlal.
  5243 | D:9      | Noticed a green ugly thing
  5375 | D:9      | Noticed TheSexyCheese's ghost (novice MiFi)
  5383 | D:9      | Found a transporter.
  5387 | D:9      | Noticed a deep elf pyromancer
  5393 | D:9      | Found the +3 pair of gauntlets of War {Slay+5}
  5393 | D:9      | Found a transporter.
  5407 | D:9      | Mangled by TheSexyCheese's ghost

Illustrated notes

Levels and vault maps discovered:
D:1:      minmay_arrival_stair_chambers, layout_loops_ring,
          hellmonk_ecumenical_altar_heavens_door, minivault_11,
          chequers_decorated_corner, minmay_misc_feat_iff, serial_park_tiny_1,
          nrook_mini_backslash
D:2:      layout_loops_cross, roderic_filled_cross, kennysheep_generic_room_2
D:3:      layout_loops_ring, mainiacjoe_overflow_catwalk, minivault_27
D:4:      layout_basic
D:5:      lemuel_ice_spiral_2, layout_basic, grunt_temple_overflow_holy_war,
          ebering_ghost_rock_garden, dk_noncrumbling_3, uniq_grinder,
          uniq_edmund, uniq_crazy_yiuf_cottage
D:6:      layout_loops_ring, kennysheep_mini_moat, corexii_corridor_pit,
          chequers_serial_rivers_small_a
D:7:      layout_gridville, nemelex_xobeh_ov_fountains_minmay,
          minmay_temple_entry_drinking_statues, uniq_menkaure
D:8:      layout_basic, minmay_misc_feat_rows
D:9:      layout_basic, nicolae_qazlal_style_of_elements,
          nicolae_dithmenos_the_darkroom, gammafunk_ghost_arena,
          minmay_evil_grid
Temple:   bh_familiar_temple

Skill      XL: |  1  2  3  4  5  6  7  8  9 10 11 |
---------------+----------------------------------+-----
Spellcasting   | 3 4 5 7 8 10 | 10.3
Air Magic      | 4 5 6 7 8 9 10 | 10.5
Conjurations   | 2 3 4 5 6 7 |  7.2
Dodging        | 3 4 5 |  5.4
Maces & Flails | 1 4 6 |  6.5
Evocations     | 2 |  2.0
Fighting       | 2 3 |  3.0
Summonings     | 2 |  2.3
Stealth        | |  1.4

Action                   |  1- 3 |  4- 6 |  7- 9 | 10-12 || total
-------------------------+-------+-------+-------+-------++-------
Melee: Unarmed           |       |       |     2 |       ||     2
       Punch             |       |       |     1 |       ||     1
       Dire flail        |       |       |    63 |    64 ||   127
       Headbutt          |       |       |    14 |    15 ||    29
 Cast: Shock             |    31 |    41 |    41 |    48 ||   161
       Static Discharge  |    18 |    15 |    39 |    22 ||    94
       Airstrike         |       |     1 |    10 |     3 ||    14
       Summon Lightning  |       |       |     2 |    13 ||    15
Evoke: Wand              |       |       |       |     5 ||     5
  Use: Scroll            |     1 |    10 |     4 |     6 ||    21
       Potion            |     4 |       |     1 |     5 ||    10
 Stab: Distracted        |       |       |       |     1 ||     1
Armor: Robe              |     4 |     1 |    50 |    30 ||    85
Dodge: Dodged            |     9 |     9 |    47 |    83 ||   148
